 Dungeon Crawl Stone Soup version 0.29-a0-563-g64e4043184 (webtiles) character file.

Game seed: 3633476821175827121

95 Crownlay the Grave Robber (level 4, -5/30 HPs)
             Began as a Demonspawn Necromancer on June 11, 2022.
             Slain by a gnoll
             ... wielding a +0 whip
              (6 damage)
             ... on level 3 of the Dungeon.
             The game lasted 00:03:35 (2503 turns).

Crownlay the Grave Robber (Demonspawn Necromancer)  Turns: 2503, Time: 00:03:35

Health: -5/30      AC:  4    Str:  9    XL:     4   Next: 40%
Magic:  0/8        EV: 12    Int: 18    God:
Gold:   160        SH:  0    Dex: 13    Spells: 3/8 levels left

rFire   . . .      SeeInvis +   r - +0 hand axe (freeze)
rCold   . . .      Faith    .   (no shield)
rNeg    . . .      Spirit   .   a - +0 robe
rPois   .          Reflect  .   (no helmet)
rElec   .          Harm     .   (no cloak)
rCorr   .          Rampage  .   c - +0 pair of gloves
Will    .....                   u - +0 pair of boots
Stlth   ++........              (no amulet)
HPRegen 0.10/turn               k - ring of flight
MPRegen 0.11/turn               t - ring of see invisible

@: animating dead, flying
A: hooves 1, powered by pain 1
a: no special abilities


You were on level 3 of the Dungeon.
You visited 1 branch of the dungeon, and saw 3 of its levels.

You collected 160 gold pieces.

Inventory:

Hand Weapons
 r - a +0 hand axe of freezing (weapon)
Armour
 a - a +0 robe (worn)
 c - a +0 pair of gloves (worn)
 u - a +0 pair of boots (worn)
Jewellery
 k - a ring of flight (left hand)
 t - a ring of see invisible (right hand)
Scrolls
 f - a scroll of brand weapon
 g - a scroll of magic mapping {unknown}
 h - a scroll of amnesia {unknown}
 l - a scroll of vulnerability {unknown}
 m - a scroll of enchant armour {unknown}
 n - a scroll of noise {unknown}
 o - a scroll of identify {unknown}
 p - a scroll of teleportation {unknown}
 q - a scroll of immolation {unknown}
Potions
 b - a potion of magic
 d - a potion of might {unknown}
 e - a potion of invisibility {unknown}
 i - 2 potions of berserk rage {unknown}
 j - 2 potions of curing {unknown}
 s - a potion of lignification {unknown}


   Skills:
 - Level 1.7 Dodging
 - Level 1.7 Stealth
 + Level 2.9 Spellcasting
 * Level 5.9 Necromancy


You had 3 spell levels left.
You knew the following spells:

 Your Spells              Type           Power      Damage    Failure   Level
a - Necrotize             Necr           96%        1d8       1%          1
b - Animate Dead          Necr           24%        N/A       14%         4

Your spell library contained the following spells:

 Spells                   Type           Power      Damage    Failure   Level
 Vampiric Draining        Necr           24%        2d7       4%          3
 Summon Guardian Golem    Hex/Summ       2%         N/A       45%         3
 Agony                    Necr           24%        N/A       36%         5
 Orb of Destruction       Conj           1%         9d5       100%        7
 Spellforged Servitor     Conj/Summ      1%         N/A       100%        7


Dungeon Overview and Level Annotations

Branches:
Dungeon (3/15)

Altars:


Innate Abilities, Weirdness & Mutations

You have large cloven feet.
You sometimes gain a little power by taking damage.


Message History

The gnoll closely misses you. The gnoll hits you with a +0 whip.
You are too injured to fight recklessly!
You are too injured to fight recklessly!
You are too injured to fight recklessly!
Casting: Necrotize (safe; 1% risk of failure)
Confirm with . or Enter, or press ? or * to list all spells.
The spell is extremely dangerous to miscast (14% risk of failure)!
Continue anyway?
You miscast Animate Dead.
You are very lightly contaminated with residual magic.
Nothing appears to happen.
The gnoll hits you with a +0 whip. The gnoll closely misses you.
Casting: Animate Dead (extremely dangerous; 14% risk of failure)
Confirm with . or Enter, or press ? or * to list all spells.
The spell is extremely dangerous to miscast (14% risk of failure)!
Continue anyway?
You call upon the dead to rise.
The gnoll hits you with a +0 club.
* * * LOW HITPOINT WARNING * * *
The gnoll barely misses you.
You hit the gnoll. You freeze the gnoll.
The gnoll is moderately wounded.
You completely miss the gnoll. The gnoll barely misses you.
The gnoll hits you but does no damage.
You completely miss the gnoll. You hit the gnoll. You freeze the gnoll.
The gnoll barely misses you. x2
You hit the gnoll. You freeze the gnoll.
The gnoll is almost dead.
You hit the gnoll but do no damage. The gnoll hits you with a +0 club.
* * * LOW HITPOINT WARNING * * *
The gnoll hits you but does no damage.
You closely miss the gnoll.
The gnoll is almost dead.
You closely miss the gnoll. The gnoll hits you but does no damage.
The gnoll closely misses you. The gnoll barely misses you.
The gnoll hits you with a +0 club.
* * * LOW HITPOINT WARNING * * *
Your magical contamination has completely faded away.
You hit the gnoll. You freeze the gnoll.
You kill the gnoll!
You hit the gnoll. You freeze the gnoll.
The dead are walking!
The gnoll hits you with a +0 whip.
You die...

### .. #.
.####.##
......Z######.#
#.g)@g....#
##.######## #.#
#.# # #.# # #.#
# #†# # #.# .#
# #.#


You could see 2 gnolls and a friendly gnoll zombie.

Vanquished Creatures
  Jessica (D:2)
  A gnoll (D:3)
  2 adders (D:2)
  A dart slug (D:1)
  An orc (D:3)
  7 endoplasms
  5 goblins
  3 hobgoblins (D:1)
  2 jackals (D:2)
  4 kobolds
  A quokka (D:3)
  7 ball pythons
  6 bats
  2 frilled lizards
  2 rats (D:1)
45 creatures vanquished.

Vanquished Creatures (collateral kills)
  A goblin (D:1)
1 creature vanquished.

Grand Total: 46 creatures vanquished

Notes
Turn   | Place    | Note
-------+----------+-------------------------------------------
     0 | D:1      | Crownlay the Demonspawn Necromancer began the quest for the
                  | Orb.
     0 | D:1      | Reached XP level 1. HP: 13/13 MP: 3/3
   174 | D:1      | Gained mutation: You have large cloven feet. [demonic
                  | ancestry]
   174 | D:1      | Reached XP level 2. HP: 19/19 MP: 0/5
   578 | D:1      | Found a faded altar of an unknown god.
   581 | D:1      | Reached skill level 5 in Necromancy
  1249 | D:2      | Gained mutation: You sometimes gain a little power by
                  | taking damage. [demonic ancestry]
  1249 | D:2      | Reached XP level 3. HP: 15/24 MP: 6/6
  1621 | D:2      | Noticed Jessica
  1625 | D:2      | Killed Jessica
  1626 | D:2      | Reached XP level 4. HP: 30/30 MP: 4/8
  1632 | D:2      | Learned a level 4 spell: Animate Dead
  2502 | D:3      | HP: 1/30 [gnoll/+0 club (4)]
  2503 | D:3      | Slain by a gnoll

Illustrated notes

Levels and vault maps discovered:
D:1:      dpeg_arrival_water_fire, layout_basic, basic_ecumenical_altar,
          minmay_misc_feat_pillars, hangedman_decor_opposing,
          corexii_item_surrounded_by_moat
D:2:      layout_loops_ring, uniq_jessica
D:3:      layout_loops_ring, mainiacjoe_overflow_surrounded_room,
          uniq_crazy_yiuf_cottage, uniq_terence

Skill      XL: |  1  2 |
---------------+-------+-----
Necromancy     | 5 |  5.9
Dodging        | |  1.7
Stealth        | |  1.7
Spellcasting   | |  2.9

Action                   |  1- 3 |  4- 6 || total
-------------------------+-------+-------++-------
Melee: Falchion          |     7 |       ||     7
       Dagger            |    26 |       ||    26
       Kick              |     5 |     6 ||    11
       Punch             |     1 |     1 ||     2
       Hand axe          |       |    54 ||    54
 Cast: Necrotize         |    31 |     1 ||    32
       Animate Dead      |       |     1 ||     1
  Use: Scroll            |       |     1 ||     1
 Stab: Sleeping          |     2 |     2 ||     4
Armor: Robe              |    12 |    20 ||    32
Dodge: Dodged            |    25 |    51 ||    76

Table legend: (Time is in decaauts)
 A = Elapsed time spent in this place.
 B = Non-inter-level travel time spent in this place.
 C = Inter-level travel time spent in this place.
 D = Time resting spent in this place.
 E = Time spent auto-exploring this place.
 F = Levels seen in this place.
 G = Mean time per level.
                   A        B        C        D        E       F      G
               +--------+--------+--------+--------+--------+-----+--------+
         Total |   2521 |   2454 |     67 |      0 |   2084 |   3 |  840.3 |
       Dungeon |   2521 |   2454 |     67 |      0 |   2084 |   3 |  840.3 |
               +--------+--------+--------+--------+--------+-----+--------+

Top non-repeatable levels by time:
     D:1: 1173 daAuts
     D:2: 1109 daAuts
     D:3: 239 daAuts
